 Dungeon Crawl Stone Soup version 0.26.1-11-gd32895ea62 (webtiles) character file.

Game seed: 2370769147272534119

219 raph the Chiller (level 5, -2/38 HPs)
             Began as a Merfolk Ice Elementalist on June 13, 2021.
             Was an Initiate of Okawaru.
             Slain by a lemure (5 damage)
             ... led by Pikel
             ... on level 4 of the Dungeon.
             The game lasted 00:06:55 (4164 turns).

raph the Chiller (Merfolk Ice Elementalist)         Turns: 4164, Time: 00:06:56

Health: -2/38      AC:  4    Str:  8    XL:     5   Next: 96%
Magic:  13/18      EV: 14    Int: 15    God:    Okawaru [......]
Gold:   214        SH:  5    Dex: 15    Spells: 2/9 levels left

rFire    + . .     SeeInvis .   a - +0 spear
rCold    . . .     Faith    .   (no shield)
rNeg     . . .     Spirit   .   u - +1 robe {rF+}
rPois    .         Reflect  +   (no helmet)
rElec    .         Harm     .   (no cloak)
rCorr    .         Rampage  .   (no gloves)
Will     .....                  m - +0 pair of boots
Stlth    ++........             j - amulet of reflection
HPRegen  0.12/turn              i - ring of wizardry
MPRegen  0.16/turn              v - ring of magical power

@: frozen ramparts
A: change form in water, swift swim, stealthy swim
a: Renounce Religion


You were on level 4 of the Dungeon.
You worshipped Okawaru.
Okawaru was noncommittal.
You visited 1 branch of the dungeon, and saw 4 of its levels.

You collected 214 gold pieces.

Inventory:

Hand Weapons
 a - a +0 spear (weapon)
 c - a +0 dagger
Missiles
 b - 3 boomerangs
Armour
 m - a +0 pair of boots (worn)
 u - a +1 robe of fire resistance (worn)
Jewellery
 i - a ring of wizardry (left hand)
 j - an amulet of reflection (around neck)
 o - an uncursed ring of wizardry
 r - an uncursed ring of stealth
 v - a ring of magical power (right hand)
Wands
 t - a wand of polymorph (6)
Scrolls
 d - a scroll of teleportation
 e - 3 scrolls of identify
 h - 3 scrolls of remove curse
 k - 2 scrolls of enchant armour
Potions
 g - a potion of cancellation {unknown}
 l - a potion of magic {unknown}
 n - 3 potions of haste {unknown}
 p - a potion of mutation {unknown}
 q - 3 potions of curing {unknown}


   Skills:
 + Level 2.2 Fighting
 * Level 1.6 Polearms
 + Level 4.0 Dodging
 - Level 2.1 Stealth
 + Level 2.8 Spellcasting
 + Level 6.0 Ice Magic


You had 2 spell levels left.
You knew the following spells:

 Your Spells              Type           Power        Failure   Level
a - Freeze                Ice            80%          1%          1
b - Frozen Ramparts       Ice            40%          1%          3
c - Ozocubu's Armour      Ice            20%          1%          3

Your spell library contained the following spells:

 Spells                   Type           Power        Failure   Level
 Hailstorm                Conj/Ice       11%          24%         4
 Summon Ice Beast         Ice/Summ       11%          24%         4


Dungeon Overview and Level Annotations

Branches:
Dungeon (4/15)
 Temple: D:4-7

Altars:
Dithmenos
Okawaru
Trog

Annotations:
D:4 Pikel


Message History

The frozen ramparts melt away.
The lemure hits you! The lemure hits you but does no damage.
Pikel hits you but does no damage.
You are electrocuted!
* * * LOW HITPOINT WARNING * * *
Casting: Frozen Ramparts (safe; 1% risk of failure)
Confirm with . or Enter, or press ? or * to list all spells.
Casting: Frozen Ramparts (safe; 1% risk of failure)
Press: ? - help, Dir - look around, f - activate The walls around you are covered in ice.
The wall freezes the lemure.
The lemure hits you.
* * * LOW HITPOINT WARNING * * *
The wall freezes the lemure.
The lemure closely misses you.
The wall freezes the lemure.
The wall freezes Pikel.
Pikel closely misses you.
You barely miss Pikel.
Pikel is severely wounded.
The wall freezes the lemure.
You kill the lemure!
That felt strangely unrewarding.
The wall freezes the lemure.
The lemure hits you.
You die...

#.....# #.....# #
##.....# . #......# #.
#......# #.######.######
...#..รท<#
..?#####.#.#).###
.....5K@5............
########............. #
#####................. ..
..##...........#.########
#..## ....#.........#.#
#..#. #..............#
.....# ###............#
.....####....>.........
#...............#.#.


You could see Pikel and 2 lemures.

Vanquished Creatures
  2 lemures
  A centaur skeleton (D:4)
  2 orc wizards (D:3)
  6 adders
  3 worms
  3 dart slugs
  2 leopard geckos (D:2)
  4 orcs
  5 bats
  3 giant cockroaches
  8 goblins
  6 hobgoblins
  10 kobolds
  A quokka (D:3)
  7 frilled lizards
  7 rats
70 creatures vanquished.

Notes
Turn   | Place    | Note
-------+----------+-------------------------------------------
     0 | D:1      | raph the Merfolk Ice Elementalist began the quest for the
                  | Orb.
     0 | D:1      | Reached XP level 1. HP: 13/13 MP: 3/3
   181 | D:1      | Reached XP level 2. HP: 17/19 MP: 0/5
   366 | D:1      | Reached skill level 5 in Ice Magic
   917 | D:1      | Reached XP level 3. HP: 24/24 MP: 3/6
  1002 | D:1      | Learned a level 3 spell: Frozen Ramparts
  1593 | D:2      | Found an iron altar of Okawaru.
  1638 | D:2      | Reached XP level 4. HP: 29/31 MP: 3/7
  1679 | D:2      | Became a worshipper of Warmaster Okawaru
  1825 | D:2      | Reached skill level 1 in Fighting
  2257 | D:2      | Found a bloodstained altar of Trog.
  2422 | D:2      | Learned a level 3 spell: Ozocubu's Armour
  2885 | D:3      | Reached XP level 5. HP: 36/38 MP: 2/8
  3348 | D:3      | Found a shadowy altar of Dithmenos.
  3393 | D:3      | Reached skill level 6 in Ice Magic
  3833 | D:4      | Noticed a lemure
  3834 | D:4      | Noticed a lemure
  3834 | D:4      | Noticed a lemure
  3847 | D:4      | Noticed Pikel
  3853 | D:3      | Killed a lemure
  3989 | D:4      | Reached skill level 1 in Polearms
  4147 | D:4      | Noticed a lemure
  4164 | D:4      | Killed a lemure
  4164 | D:4      | Slain by a lemure

Illustrated notes

Levels and vault maps discovered:
D:1:      dpeg_arrival_central, layout_basic
D:2:      layout_basic, lightli_temple_of_fire, st_stairs_6,
          kennysheep_okawaru_gauntlet
D:3:      layout_basic, nicolae_overflow_crystal_walls, corner_web_ring
D:4:      layout_rooms, overflow_temple_1_default,
          nicolae_dithmenos_the_darkroom, uniq_pikel

Skill      XL: |  1  2  3  4  5 |
---------------+----------------+-----
Ice Magic      | 5 6 |  6.0
Dodging        | 3 4 |  4.0
Fighting       | 1 2 |  2.2
Polearms       | 1 |  1.6
Stealth        | |  2.1
Spellcasting   | |  2.8

Action                   |  1- 3 |  4- 6 || total
-------------------------+-------+-------++-------
Melee: Unarmed           |     5 |       ||     5
       Dagger            |    57 |       ||    57
       Spear             |       |    92 ||    92
 Cast: Freeze            |    34 |     5 ||    39
       Frozen Ramparts   |     3 |    18 ||    21
       Ozocubu's Armour  |       |     1 ||     1
  Use: Scroll            |       |     6 ||     6
       Potion            |       |     1 ||     1
 Stab: Sleeping          |     3 |     3 ||     6
       Distracted        |       |     1 ||     1
Armor: Robe              |    17 |    11 ||    28
Dodge: Dodged            |    84 |    60 ||   144
Block: Other             |     4 |    28 ||    32
       Reflection        |     1 |     1 ||     2
